 Dungeon Crawl Stone Soup version 0.30-a0-802-gb92711bcdf (webtiles) character file.

Game seed: 13249156893108493893

156080 Iich the Axe Maniac (level 17, -2/168 HPs)
             Began as a Hill Orc Fighter on Feb 24, 2023.
             Was an Initiate of Gozag.
             Killed from afar by Nikola (73 damage)
             ... with an arc of chain lightning
             ... on level 1 of the Swamp.
             The game lasted 00:48:26 (32474 turns).

Iich the Axe Maniac (Hill Orc Fighter)             Turns: 32474, Time: 00:48:27

Health: -2/168     AC: 23    Str: 27    XL:     17   Next: 66%
Magic:  17/17      EV: 10    Int:  2    God:    Gozag
Gold:   2053       SH: 21    Dex: 23    Spells: 16/16 levels left

rFire   + + +      SeeInvis .    Y - +2 broad axe "Tast" {distort, Dex+3}
rCold   . . .      Faith    .    K - +2 kite shield
rNeg    . . .      Spirit   .    l - +5 acid dragon scales "Kisk" {Rampage Fly rCorr}
rPois   +          Reflect  +    Z - +2 helmet "Jojotaupt" {Str+3 Int-5 Dex+2}
rElec   .          Harm     .    b - +0 cloak
rCorr   +          Rampage  +    S - +0 pair of gloves of Bifroc {Str+4 Dex+3}
Will    ++...                    k - +2 pair of boots
Stlth   ++++                     h - amulet of reflection
HPRegen 0.48/turn                a - ring of Eternal Harmony {rPois rF+++ Will+ rCorr Str-5}
MPRegen 0.15/turn                P - ring of Shadows {Umbra +Inv Stlth+}

@: gold aura, flying, wreathed by umbra
A: strong 1
a: Renounce Religion, Evoke Invisibility, Potion Petition, Call Merchant, Bribe
Branch


You were on level 1 of the Swamp.
You worshipped Gozag.
Gozag was most pleased with you.
You visited 6 branches of the dungeon, and saw 28 of its levels.
You also visited: Ossuary and Gauntlet.

You collected 9999 gold pieces.
You spent 3920 gold pieces at shops.
You paid 4026 gold pieces to Gozag.

Inventory:

Hand Weapons
 c - the +11 morningstar of Embarrassment {vamp, Str+2 Dex+2}
   (You found it on level 3 of the Lair of Beasts)

   Str:       It affects your strength (+2).
   Dex:       It affects your dexterity (+2).
 Y - the +2 broad axe "Tast" (weapon) {distort, Dex+3}
   (You bought it in a shop on level 12 of the Dungeon)

   Dex:       It affects your dexterity (+3).
Missiles
 m - a throwing net
 I - 3 curare-tipped darts (quivered)
Armour
 b - a +0 cloak (worn)
 k - a +2 pair of boots (worn)
 l - the +5 acid dragon scales "Kisk" (worn) {Rampage Fly rCorr}
   (You bought it in a shop on level 12 of the Dungeon)

   Fly:       It grants you flight.
   rCorr:     It protects you from acid and corrosion.
   Rampage:   It bestows one free step when moving towards enemies.
 K - a +2 kite shield (worn)
 Q - a +3 chain mail of cold resistance
 S - the +0 pair of gloves of Bifroc (worn) {Str+4 Dex+3}
   (You found it in a Gauntlet)

   Str:       It affects your strength (+4).
   Dex:       It affects your dexterity (+3).
 Z - the +2 helmet "Jojotaupt" (worn) {Str+3 Int-5 Dex+2}
   (You found it in a Gauntlet)

   Str:       It affects your strength (+3).
   Int:       It affects your intelligence (-5).
   Dex:       It affects your dexterity (+2).
Jewellery
 a - the ring of Eternal Harmony (left hand) {rPois rF+++ Will+ rCorr Str-5}
   (You found it in a Gauntlet)

   [ring of resist corrosion]

   Str:       It affects your strength (-5).
   rF:        It renders you almost immune to fire.
   rPois:     It protects you from poison.
   rCorr:     It protects you from acid and corrosion.
   Will:      It increases your willpower.
 h - an amulet of reflection (around neck)
 q - a +6 ring of dexterity
 L - a +5 ring of evasion
 N - a ring of positive energy
 O - a ring of protection from fire
 P - the ring of Shadows (right hand) {Umbra +Inv Stlth+}
   (You found it on level 3 of the Snake Pit)

   [ring of stealth]

   Umbra:     It surrounds you with an aura of shadow, increasing your stealth
   and reducing the accuracy of all others within it.
   +Inv:      It lets you turn invisible.
   Stlth:     It makes you more stealthy.
Wands
 u - a wand of roots (6)
 x - a wand of mindburst (8)
 z - a wand of digging (12)
 A - a wand of quicksilver (16)
 B - a wand of flame (60)
 M - a wand of charming (15)
Scrolls
 f - 3 scrolls of fear
 o - 4 scrolls of enchant weapon
 r - 5 scrolls of butterflies
 s - a scroll of immolation
 w - 4 scrolls of brand weapon
 y - a scroll of poison
 D - 14 scrolls of identify
 E - 5 scrolls of magic mapping
 G - 10 scrolls of teleportation
 J - a scroll of blinking
 V - a scroll of torment
 W - a scroll of silence
Potions
 d - 6 potions of might
 e - a potion of heal wounds
 g - 4 potions of resistance
 i - 10 potions of haste
 j - 12 potions of curing
 n - 5 potions of mutation
 p - 2 potions of berserk rage
 t - a potion of attraction
 v - 2 potions of cancellation
 F - 2 potions of invisibility
 H - 3 potions of lignification
 T - 2 potions of ambrosia
Miscellaneous
 C - a piece from Xom's chessboard (15/15)
 R - a phantom mirror (inert)
 U - a box of beasts (inert)
 X - a condenser vane (inert)


   Skills:
 + Level 19.2 Fighting
 O Level 27 Axes
 - Level 7.9(17.1) Maces & Flails
 + Level 10.9 Armour
 - Level 13.0 Shields


You had 16 spell levels left.
You didn't know any spells.
Your spell library contained the following spells:

 Spells                   Type           Power      Damage    Failure   Level
 Beastly Appendage        Tmut           0%         N/A       83%         1
 Sandblast                Erth           0%         2d4       83%         1
 Lesser Beckoning         Tloc           0%         N/A       92%         2
 Passwall                 Tmut/Erth      0%         N/A       92%         2
 Wereblood                Tmut           0%         N/A       92%         2
 Gell's Gravitas          Tloc           0%         N/A       99%         3
 Ignite Poison            Fire/Tmut/Pois 0%         N/A       99%         3
 Inner Flame              Hex/Fire       0%         N/A       99%         3
 Kindle Blastsparks       Fire/Tloc/Air  0%         2d10      99%         3
 Ozocubu's Armour         Ice            0%         N/A       99%         3
 Spider Form              Tmut/Pois      0%         N/A       99%         3
 Stone Arrow              Conj/Erth      0%         3d7       99%         3
 Teleport Other           Tloc           0%         N/A       99%         3
 Tukima's Dance           Hex            0%         N/A       99%         3
 Vhi's Electric Charge    Tloc/Air       0%         N/A       99%         3
 Animate Armour           Summ/Erth      0%         N/A       100%        4
 Cause Fear               Hex            0%         N/A       100%        4
 Flame Wave               Conj/Fire      0%         2d4       100%        4
 Fulminant Prism          Conj/Hex       0%         3d5       100%        4
 Iskenderun's Mystic Bla  Conj/Tloc      0%         2d3       100%        4
 Manifold Assault         Tloc           0%         N/A       100%        4
 Passage of Golubria      Tloc           0%         N/A       100%        4
 Sticky Flame             Conj/Fire      0%         2d3       100%        4
 Summon Ice Beast         Ice/Summ       0%         N/A       100%        4
 Arcjolt                  Conj/Air       0%         1d10      100%        5
 Blade Hands              Tmut           0%         N/A       100%        5
 Freezing Cloud           Conj/Ice/Air   0%         6-21      100%        5
 Lee's Rapid Deconstruct  Erth           0%         3d4*      100%        5
 Silence                  Hex/Air        0%         N/A       100%        5
 Summon Forest            Summ/Tloc      0%         N/A       100%        5
 Summon Mana Viper        Hex/Summ       0%         N/A       100%        5
 Yara's Violent Unravell  Hex/Tmut       0%         3d3       100%        5
 Conjure Ball Lightning   Conj/Air       0%         3x3d6     100%        6
 Dispersal                Tloc           0%         N/A       100%        6
 Iron Shot                Conj/Erth      0%         9d1       100%        6
 Summon Cactus Giant      Summ           0%         N/A       100%        6
 Enfeeble                 Hex            0%         N/A       100%        7
 Monstrous Menagerie      Summ           0%         N/A       100%        7
 Ozocubu's Refrigeration  Ice            0%         4d7       100%        7
 Discord                  Hex            0%         N/A       100%        8
 Disjunction              Tloc           0%         N/A       100%        8
 Lehudib's Crystal Spear  Conj/Erth      0%         10d2      100%        8
 Maxwell's Capacitive Co  Air            0%         ∞         100%        8
 Polar Vortex             Ice            0%         N/A       100%        9
 Simulacrum               Ice/Necr       Unusable   N/A       N/A         6

Dungeon Overview and Level Annotations

Branches:
Dungeon (15/15)            Temple (1/1) D:6            Lair (5/5) D:8
  Swamp (2/4) Lair:2        Snake (3/4) Lair:2        Slime (0/5) Lair:4
    Orc (2/2) D:12            Elf (0/3) Orc:2        Vaults (0/5) D:14
 Depths (0/4) D:15        Ossuary (visited)         Gauntlet (visited)

Altars:
Ashenzari
Cheibriados
Dithmenos
Elyvilon
Fedhas
Gozag
Hepliaklqana
Kikubaaqudgha
Makhleb
Nemelex Xobeh
Okawaru
Qazlal
Ru
Sif Muna
Trog
Uskayaw
Vehumet
Wu Jian
Xom
Yredelemnul
Zin
The Shining One

Shops:
D:4 *   D:10 [   D:12 *   Orc:2 *[=(

Annotations:
Swamp:1 Nikola


Innate Abilities, Weirdness & Mutations

Your muscles are strong. (Str +4, Int/Dex -1)


Message History

The bolt of dispelling energy hits Nikola!
Nikola is moderately wounded.
The grasping roots constrict Nikola.
Nikola escapes!
Aiming: Quicksilver Bolt
Press: ? - help, Q - select action, (/) - cycle Shift-Dir - straight line, f/p - Nikola
Aim: Nikola, wielding a +0 rapier of electrocution, wearing a +0 cloak of poison resistance and wearing a +1 pair of gloves (moderately wounded, 75% to hit)
The bolt of dispelling energy hits Nikola!
Nikola is moderately wounded.
Aiming: Quicksilver Bolt
Press: ? - help, Q - select action, (/) - cycle Shift-Dir - straight line, f/p - Nikola
Aim: Nikola, wielding a +0 rapier of electrocution, wearing a +0 cloak of poison resistance and wearing a +1 pair of gloves (moderately wounded, umbra, 75% to hit)
The bolt of dispelling energy hits Nikola!
Nikola is moderately wounded.
Aiming: Throw Flame
Press: ? - help, Q - select action, (/) - cycle Shift-Dir - straight line, f/p - Nikola
Aim: Nikola, wielding a +0 rapier of electrocution, wearing a +0 cloak of poison resistance and wearing a +1 pair of gloves (moderately wounded, umbra, 72% to hit)
The puff of flame misses Nikola.
Nikola is engulfed in a cloud of scalding steam.
Aiming: Throw Flame
Press: ? - help, Q - select action, (/) - cycle Shift-Dir - straight line, f/p - Nikola
Aim: Nikola, wielding a +0 rapier of electrocution, wearing a +0 cloak of poison resistance and wearing a +1 pair of gloves (moderately wounded, umbra, 72% to hit)
The puff of flame hits Nikola.
Nikola is heavily wounded.
Nikola points at you and mumbles some strange words.
The bolt of lightning hits you!!
* * * LOW HITPOINT WARNING * * *
The demonic tree burns, releasing chaotic energy.
You rampage towards Nikola!
You hit Nikola.
Space warps horribly around Nikola!!
Nikola is heavily wounded.
You block Nikola's attack.
Aiming: Quicksilver Bolt
Press: ? - help, Q - select action, (/) - cycle Shift-Dir - straight line, f/p - Nikola
Aim: Nikola, wielding a +0 rapier of electrocution, wearing a +0 cloak of poison resistance and wearing a +1 pair of gloves (heavily wounded, umbra, 75% to hit)
The bolt of dispelling energy hits Nikola!
Nikola is severely wounded.
Nikola gestures wildly while chanting.
Lightning arcs from Nikola's hands!
The bolt of lightning hits you!!!!
You die...
Your body crumbles into a pile of gold.

♣§...~...##.#...!.##.~ ♣♣♣
♣♣♣.....~~..#...#.#..#.~ ♣.♣♣
♣...~♣.~~.♣.#...#.#..#.. ♣♣♣♣.♣♣
♣.§§.♣♣♣.♣♣.#.......##..
♣.♣~~~♣♣♣.♣..~.♣♣♣..###...###...
♣.♣♣..~...♣♣~~..♣.~...#####...§.
♣~♣♣~§~~♣.♣♣.....~~.......(.~..~
♣♣.♣♣♣...>..♣♣~>$~~§~.♣♣~..~♣.~..
♣.♣.♣♣.~~~.♣♣♣.~@..~~~♣!~~~.~.~..
♣>.♣♣..~~.~♣♣♣...@.~.♣♣♣.~~~~~.~.
...♣♣~~~~.~~♣♣....§§~♣♣...♣~~.~.~
~~.~♣.~.~.~§♣..~~~~~.♣♣♣...~..~~.
~.~...~~~...♣~~~.<~~§♣ ♣♣~♣♣~~~~.
~♣~~~~~~~~~...~~♣~~§~♣ ♣♣♣♣~.).~
~♣♣.~~♣.♣~♣.~~~~~....♣ ♣.~~.~~
..♣.~~..~~~.~~~~~.♣..♣ ♣♣.~.~.
~.♣~~~.~~~~.~~♣§....♣♣ ♣♣♣.~.


You could see Nikola.

Vanquished Creatures
  Mlioglotl (Swamp:1)
  Gastronok (Lair:3)
  A thorn hunter (Swamp:1)
  A nagaraja (Snake:3)
  The ghost of Vomnuq the Cleaver, a journeyman DsGl of Hepliaklqana (Snake:1)
  An orc warlord (Orc:2)
  The ghost of Newt the Carver, a journeyman DsGl of Okawaru (Swamp:1)
  2 bunyips (Swamp:1)
  Azrael (Snake:2)
  A minotaur (Gauntlet)
  An eleionoma (Swamp:1)
  The ghost of Newt the Warrior, a journeyman DsGl of Okawaru (D:11)
  A shambling mangrove (Swamp:1)
  Fannar (D:11)
  An ogre mage (D:14)
  3 catoblepae (Lair:5)
  9 hydras
  A boulder beetle (D:14)
  8 anacondas
  A death knight (D:15)
  2 alligators (Swamp:1)
  4 centaur warriors
  3 two-headed ogres
  4 naga warriors (Snake:3)
  A tengu warrior (D:14)
  2 shock serpents (Snake:1)
  15 death yaks
  4 naga sharpshooters
  Amaemon (Lair:3)
  4 orc high priests (Orc:2)
  2 skysharks (Lair:3)
  Sonja (D:12)
  2 spriggans (Swamp:1)
  A fire crab (Lair:5)
  A skeletal warrior (D:15)
  Lodul (D:13)
  3 sixfirhies (Gauntlet)
  5 goliath frogs (Swamp:1)
  8 sea snakes (Snake:3)
  2 large abominations (Gauntlet)
  3 bog bodies (Swamp:1)
  A swamp dragon (Swamp:1)
  4 naga ritualists
  2 phantasmal warriors (D:15)
  4 deep elf pyromancers
  3 orc knights (Orc:2)
  7 mana vipers
  3 orc sorcerers
  3 salamanders
  The ghost of Tollund the Changer, a novice OpTm of the Shining One (D:6)
  6 manticores
  4 will-o-the-wisps (Swamp:1)
  2 guardian serpents
  A moth of wrath (Swamp:1)
  Maurice (D:12)
  4 elephants (Lair:1)
  15 naga magi
  A gargoyle (D:11)
  An orange demon (Lair:3)
  3 torpor snails
  21 black mambas
  13 cane toads
  Maggie (D:10)
  An unseen horror (D:11)
  A komodo dragon (shapeshifter) (D:14)
  6 komodo dragons
  A kobold demonologist (D:13)
  Psyche (D:12)
  2 freezing wraiths (D:15)
  2 efreet
  3 rime drakes
  4 tengu conjurers
  A troll (shapeshifter) (D:14)
  An ice devil (Gauntlet)
  6 tyrant leeches (Swamp:1)
  4 polar bears
  8 trolls
  15 hornets
  A queen bee (D:11)
  Grinder (D:5)
  14 blink frogs
  11 dream sheep (Lair:4)
  8 basilisks
  2 shadows
  A fire elemental (Snake:2)
  2 wraiths
  48 yaks
  3 vampires
  5 wyverns
  13 vampire mosquitoes
  The ghost of Newt the Trooper, an amateur DsGl (D:4)
  2 steam dragons
  2 swamp worms (Swamp:1)
  Grum (D:10)
  5 wargs
  29 water moccasins
  25 nagas
  3 hell hounds (Snake:2)
  5 acid dragons
  26 orc warriors
  5 small abominations (Gauntlet)
  An ice beast (D:8)
  6 black bears
  3 sky beasts
  19 ogres
  15 wolves
  13 centaurs
  7 kobold brigands
  3 necrophages
  3 scorpions
  16 bullfrogs
  3 gnoll sergeants
  4 wights
  7 killer bees (D:11)
  5 howler monkeys
  6 electric eels
  A lava snake (D:8)
  2 bullfrog zombies (D:5)
  A centaur zombie (Ossuary)
  18 orc priests
  5 jellies
  2 hounds (D:5)
  A human zombie (Ossuary)
  2 iguanas
  Jessica (D:2)
  Ijyb (D:5)
  A gnoll bouda (D:8)
  30 orc wizards
  2 scorpion zombies (D:5)
  A hound zombie (D:5)
  2 mummies (Ossuary)
  A howler monkey zombie (D:5)
  7 adders
  12 gnolls
  A shadow imp (D:8)
  3 white imps
  2 adder zombies (Ossuary)
  2 worms
  2 dart slugs
  82 orcs
  4 bats
  6 endoplasms
  3 giant cockroaches
  6 goblins
  4 hobgoblins
  6 quokkas
  8 ball pythons
  4 frilled lizards
  A goblin zombie (D:5)
  12 hobgoblin zombies (Ossuary)
  2 jackal zombies (Ossuary)
  18 kobolds
  15 kobold zombies (Ossuary)
  3 orc zombies (Ossuary)
  A quokka zombie (D:5)
  4 rats
  A rat zombie (Ossuary)
868 creatures vanquished.

Vanquished Creatures (collateral kills)
  A naga warrior (Snake:3)
  A black mamba (Snake:3)
  2 orc warriors (Orc:2)
4 creatures vanquished.

Vanquished Creatures (others)
  A will-o-the-wisp (Swamp:2)
  A naga mage (Snake:1)
  A water moccasin (Lair:5)
  A bush (Lair:2)
  18 foxfires (Swamp:1)
  35 fungi
  49 plants
106 creatures vanquished.

Grand Total: 978 creatures vanquished

Notes
Turn   | Place    | Note
-------+----------+-------------------------------------------
     0 | D:1      | Iich the Hill Orc Fighter began the quest for the Orb.
     0 | D:1      | Reached XP level 1. HP: 19/19 MP: 1/1
   120 | D:1      | Reached skill level 3 in Axes
   164 | D:1      | Reached XP level 2. HP: 27/27 MP: 2/2
   771 | D:2      | Reached skill level 4 in Axes
   813 | D:2      | Reached XP level 3. HP: 32/33 MP: 3/3
   917 | D:2      | Noticed Jessica
   922 | D:2      | Killed Jessica
   989 | D:2      | Gained mutation: Your muscles are strong. (Str +4, Int/Dex
                  | -1) [potion of mutation]
  1012 | D:2      | Reached XP level 4. HP: 41/41 MP: 4/4
  1036 | D:2      | Reached skill level 5 in Axes
  1561 | D:3      | Found a large runed translucent door.
  1800 | D:3      | Found an iron altar of Okawaru.
  1807 | D:3      | Found a shimmering altar of Xom.
  1809 | D:3      | Found a sacrificial altar of Ru.
  1809 | D:3      | Found a hide-covered altar of Uskayaw.
  1809 | D:3      | Found a blossoming altar of Fedhas.
  1813 | D:3      | Found a white marble altar of Elyvilon.
  1816 | D:3      | Found a shadowy altar of Dithmenos.
  1862 | D:3      | Reached XP level 5. HP: 47/47 MP: 5/5
  1974 | D:3      | Found a large runed translucent door.
  2061 | D:3      | Found a shimmering blue altar of Sif Muna.
  2067 | D:3      | Found a broken altar of Ashenzari.
  2071 | D:3      | Reached skill level 5 in Fighting
  2071 | D:3      | Reached skill level 6 in Axes
  2177 | D:4      | Found Xoskis Ducass's General Store.
  2253 | D:4      | Bought a scroll of enchant armour for 82 gold pieces
  2394 | D:4      | Reached XP level 6. HP: 50/56 MP: 6/6
  2434 | D:4      | Reached skill level 7 in Axes
  2659 | D:4      | Noticed Newt's ghost (amateur DsGl)
  2804 | D:4      | Found a runed translucent gate.
  2816 | D:4      | Found a runed translucent gate.
  2816 | D:4      | Found a runed translucent gate.
  3008 | D:5      | Entered Level 5 of the Dungeon
  3008 | D:5      | Noticed Ijyb
  3015 | D:5      | Killed Ijyb
  3083 | D:5      | Reached skill level 8 in Axes
  3083 | D:5      | Reached XP level 7. HP: 60/63 MP: 7/7
  3242 | D:5      | Reached skill level 9 in Axes
  3251 | D:5      | Found a basalt altar of Yredelemnul.
  3275 | D:5      | Found a sand-covered staircase.
  3288 | Ossuary  | Entered an ossuary
  3759 | D:5      | Reached XP level 8. HP: 73/73 MP: 8/8
  3762 | D:5      | Reached skill level 10 in Axes
  3779 | D:5      | Noticed Grinder
  3787 | D:5      | Killed Grinder
  3957 | D:5      | Found a glowing golden altar of the Shining One.
  3957 | D:5      | Found a hazy altar of Hepliaklqana.
  4308 | D:6      | Found a staircase to the Ecumenical Temple.
  4317 | Temple   | Entered the Ecumenical Temple
  4327 | Temple   | Became a worshipper of Gozag Ym Sagoz the Greedy
  4347 | D:6      | Reached skill level 11 in Axes
  4479 | D:6      | Found a transporter.
  4480 | D:6      | Noticed Tollund's ghost (novice OpTm)
  4486 | D:6      | Identified the +1 dire flail "Fuehesank" {spect, rC+ Str+5}
  4517 | D:6      | Reached skill level 12 in Axes
  4686 | D:6      | Noticed a hornet
  4696 | D:6      | Killed a hornet
  4697 | D:6      | Reached XP level 9. HP: 63/82 MP: 9/9
  5185 | D:4      | Bought a potion of berserk rage for 55 gold pieces
  5336 | D:4      | Killed Newt's ghost
  5337 | D:4      | Reached skill level 13 in Axes
  5416 | D:6      | Found a transporter.
  5443 | D:7      | Noticed a two-headed ogre
  5452 | D:7      | Killed a two-headed ogre
  5827 | D:7      | Reached skill level 14 in Axes
  6025 | D:7      | Reached XP level 10. HP: 93/93 MP: 10/10
  6060 | D:7      | Reached skill level 5 in Shields
  6248 | D:7      | Reached skill level 10 in Fighting
  7374 | D:8      | Reached skill level 15 in Axes
  7523 | D:8      | Found a staircase to the Lair.
  7643 | D:8      | Found an ornate altar of the Wu Jian Council.
  8217 | D:6      | Killed Tollund's ghost
  8218 | D:6      | Reached skill level 16 in Axes
  8219 | D:6      | Reached XP level 11. HP: 102/102 MP: 11/11
  8751 | D:9      | Found a snail-covered altar of Cheibriados.
  8823 | D:10     | Entered Level 10 of the Dungeon
  8955 | D:10     | Noticed Grum
  8970 | D:10     | Killed Grum
  9082 | D:10     | Identified the +8 trident of Death {venom, rPois}
  9112 | D:10     | Reached skill level 17 in Axes
  9605 | D:10     | Noticed Maggie
  9616 | D:10     | Killed Maggie
  9834 | D:10     | Bought a jewelled scale mail for 234 gold pieces
  9834 | D:10     | Identified the +1 scale mail "Soskoth" {-Cast rElec rF+}
                  | (You bought it in a shop on level 10 of the Dungeon)
  9844 | D:10     | Bought a runed chain mail for 195 gold pieces
  9911 | Lair:1   | Entered Level 1 of the Lair of Beasts
 10094 | Lair:1   | Reached skill level 18 in Axes
 10122 | Lair:1   | Reached XP level 12. HP: 72/113 MP: 12/12
 10455 | Lair:1   | Identified the +1 scale mail of the Undertaker {rF+}
 10955 | Lair:2   | Noticed a seven-headed hydra
 11045 | Lair:2   | Found a staircase to the Swamp.
 11166 | Lair:2   | Killed a 12-headed hydra
 11274 | Lair:2   | Reached skill level 19 in Axes
 11939 | Lair:2   | Reached skill level 10 in Shields
 12058 | Lair:2   | Found a staircase to the Snake Pit.
 12382 | Lair:3   | Noticed a skyshark
 12392 | Lair:3   | Killed a skyshark
 12398 | Lair:3   | Identified the +11 morningstar of Embarrassment {vamp,
                  | Str+2 Dex+2}
 12443 | Lair:3   | Noticed a skyshark
 12444 | Lair:3   | Noticed Gastronok
 12464 | Lair:3   | Killed a skyshark
 12469 | Lair:3   | Killed Gastronok
 12470 | Lair:3   | Reached skill level 20 in Axes
 12470 | Lair:3   | Reached skill level 1 in Maces & Flails
 12470 | Lair:3   | Reached XP level 13. HP: 77/123 MP: 13/13
 12949 | Lair:3   | Noticed Amaemon
 12958 | Lair:3   | Killed Amaemon
 13620 | Lair:4   | Found a staircase to the Slime Pits.
 13830 | Lair:4   | Reached skill level 21 in Axes
 13987 | Lair:4   | Reached skill level 5 in Maces & Flails
 14653 | Lair:5   | Entered Level 5 of the Lair of Beasts
 14674 | Lair:4   | Reached XP level 14. HP: 133/133 MP: 14/14
 15040 | Lair:5   | Reached skill level 15 in Fighting
 15176 | Lair:5   | Reached skill level 22 in Axes
 16851 | D:11     | Noticed Newt's ghost (journeyman DsGl)
 16985 | D:11     | Noticed Fannar
 16986 | D:11     | Found a transporter.
 16988 | D:11     | Found a transporter.
 17020 | D:11     | Killed Fannar
 17525 | D:11     | HP: 3/136 [hornet (9)]
 17540 | D:11     | Paralysed by a hornet for 2 turns
 17546 | D:11     | Killed Newt's ghost
 17906 | D:12     | Noticed Maurice
 17911 | D:12     | Reached skill level 23 in Axes
 17920 | D:12     | Killed Maurice
 17921 | D:12     | Reached XP level 15. HP: 140/143 MP: 15/15
 18156 | D:12     | Noticed Sonja
 18172 | D:12     | Killed Sonja
 18225 | D:12     | Noticed Psyche
 18235 | D:12     | Killed Psyche
 18483 | D:12     | Found a staircase to the Orcish Mines.
 18539 | D:12     | Bought a condenser vane for 480 gold pieces
 18539 | D:12     | Bought the +2 broad axe "Tast" {distort, Dex+3} for 399
                  | gold pieces
 19277 | D:13     | Noticed Lodul
 19290 | D:13     | Killed Lodul
 19334 | D:13     | Identified the +3 dagger of the Shallot {protect, Dex+3}
 19846 | D:14     | Found a gate leading to a gauntlet.
 19868 | Gauntlet | Entered a Gauntlet
 19868 | Gauntlet | Found a transporter.
 19868 | Gauntlet | Found a transporter.
 19869 | Gauntlet | Found a transporter.
 19869 | Gauntlet | Found a transporter.
 19872 | Gauntlet | Found a transporter.
 19872 | Gauntlet | Found a transporter.
 19886 | Gauntlet | Found a transporter.
 19887 | Gauntlet | Found a transporter.
 19896 | Gauntlet | Found a transporter.
 19999 | Gauntlet | Found a transporter.
 20003 | Gauntlet | Found a transporter.
 20013 | Gauntlet | Found a transporter.
 20325 | Gauntlet | Identified the ring of Eternal Harmony {rPois rF+++ Will+
                  | rCorr Str-5}
 20626 | Gauntlet | Identified the +2 helmet "Jojotaupt" {Str+3 Int-5 Dex+2}
 20695 | Gauntlet | Identified the +0 pair of gloves of Bifroc {Str+4 Dex+3}
 20853 | D:14     | Found a gate to the Vaults.
 21073 | D:14     | Reached skill level 24 in Axes
 21225 | D:14     | Reached skill level 5 in Armour
 21420 | D:15     | Entered Level 15 of the Dungeon
 21601 | D:15     | Found a staircase to the Depths.
 21730 | D:15     | Paralysed by a hornet for 2 turns
 22426 | D:15     | Identified the +9 trident of Karma {protect, Will+ Int+3}
 22678 | Snake:1  | Entered Level 1 of the Snake Pit
 23139 | Snake:1  | Reached XP level 16. HP: 149/155 MP: 16/16
 23300 | Orc:1    | Entered Level 1 of the Orcish Mines
 23807 | Orc:2    | Entered Level 2 of the Orcish Mines
 23873 | Orc:2    | Found a staircase to the Elven Halls.
 24113 | Orc:2    | Reached skill level 25 in Axes
 24413 | Orc:2    | Found Qomatt's Antique Armour Emporium.
 24414 | Orc:2    | Found Huredd's Antique Weapon Shoppe.
 24416 | Orc:2    | Found Rusuhe's General Store.
 24416 | Orc:2    | Found Weutzew's Jewellery Emporium.
 24421 | Orc:2    | Bought a lightning rod (4/4) for 420 gold pieces
 24436 | Orc:2    | Bought glowing swamp dragon scales for 1166 gold pieces
 25236 | Snake:1  | Noticed Vomnuq's ghost (journeyman DsGl)
 25425 | Snake:1  | Found a runed translucent door.
 26854 | Snake:1  | Killed Vomnuq's ghost
 27577 | Snake:2  | Found a basalt altar of Yredelemnul.
 27776 | Snake:2  | Noticed Azrael
 27797 | Snake:2  | Killed Azrael
 27991 | Snake:2  | Reached skill level 26 in Axes
 28081 | Snake:3  | Noticed a nagaraja
 28089 | Snake:3  | Killed a nagaraja
 28392 | Snake:3  | Reached XP level 17. HP: 117/165 MP: 4/17
 29820 | D:12     | Bought the +5 acid dragon scales "Kisk" {Rampage Fly rCorr}
                  | for 889 gold pieces
 30083 | Snake:3  | Identified the +0 robe of Ru's Wrath {-Tele rF+ Dex+3 SInv}
 30141 | Snake:3  | Found the ring of Shadows {Umbra +Inv Stlth+}
 30329 | Swamp:1  | Entered Level 1 of the Swamp
 30942 | Swamp:1  | Reached skill level 27 in Axes
 30964 | Swamp:1  | Reached skill level 10 in Armour
 31441 | Swamp:1  | Found a transporter.
 31450 | Swamp:1  | Noticed Newt's ghost (journeyman DsGl)
 31465 | Swamp:1  | Found a transporter.
 31772 | Swamp:1  | Killed Newt's ghost
 31974 | Swamp:1  | Identified the +0 helmet "Asom" {-Tele Rampage rElec Int+3}
 31983 | Swamp:1  | Identified the +1 ring mail of Kindness {rElec rPois Will+
                  | Regen+}
 32031 | Swamp:2  | Noticed Mlioglotl
 32031 | Swamp:2  | Noticed Nikola
 32057 | Swamp:1  | Killed Mlioglotl
 32474 | Swamp:1  | Killed from afar by Nikola

Illustrated notes

Levels and vault maps discovered:
D:1:      lightli_arrival_isolated_outpost, layout_loops_ring, minivault_24,
          chequers_serial_rivers_marsh, minmay_pentomino_w2
D:2:      layout_rooms, uniq_jessica
D:3:      layout_loops_ring, minitemple, jmf_multi_god_temple2,
          chequers_serial_rivers_room_b, minmay_misc_feat_x
D:4:      layout_basic, gammafunk_ghost_split, serial_shops, shop
D:5:      layout_basic, nicolae_yredelemnul_corpse_copse,
          gammafunk_temple_overflow_wave, enter_ossuary_4,
          minmay_misc_feat_rows, uniq_grinder, uniq_ijyb
D:6:      layout_cave_pools, temple_statues, gammafunk_ghost_smash
D:7:      layout_loops_ring
D:8:      layout_cave_pools, nzn_wu_jian_council_hall,
          grunt_lair_entry_orc_guard_hut, nicolae_lava_and_water,
          grunt_ogre_cave, kennysheep_kite_vault
D:9:      layout_basic, lemuel_crystal_altar, minmay_strange_pillars
D:10:     layout_loops_corners, uniq_grum, uniq_maggie
D:11:     layout_basic, gammafunk_ghost_hive, kennysheep_big_empty_room,
          uniq_fannar
D:12:     layout_small_grid, minmay_orc_entry_guard_dogs,
          lightli_fourway_metalbox, uniq_sonja, uniq_psyche, uniq_maurice
D:13:     layout_grid_maze, uniq_lodul
D:14:     layout_rooms, david_vaults_2, solitary_fountain,
          gauntlet_entry_generic
D:15:     grunt_enter_depths_giant_problem, layout_stronghold,
          minmay_misc_feat_encased, dreamdust_wasp_nest
Temple:   nicolae_temple_two_arcs
Lair:1:   layout_gridlike, grunt_megastairs_3
Lair:2:   layout_chaotic_city, swamp_mist, minmay_snake_entry_six_corridors
Lair:3:   layout_gridlike, grunt_megastairs_4, serial_bayou_shore_b,
          uniq_amaemon, uniq_gastronok
Lair:4:   layout_roguey, minmay_slime_entry_pillars, kennysheep_basilisk_garden,
          serial_bayou_shore_b
Lair:5:   evilmike_catoblepas_cave, layout_hall_layers, minivault_19,
          st_stairs_13, grunt_megastairs_2, infiniplex_staircase_pool_2
Swamp:1:  layout_falls_marsh, gammafunk_ghost_berserking_beasts,
          hangedman_swamp_lotus
Swamp:2:  layout_basic_swamp, hangedman_swamp_pad, swamp_pool4, uniq_mlioglotl,
          uniq_nikola
Snake:1:  layout_layer_cave, hellmonk_ghost_happy_afterlife, nicolae_snake_bzzzt
Snake:2:  layout_misc_corridors, basic_altar, serial_bayou_shore_b, uniq_azrael
Snake:3:  minmay_snake_river, layout_onion_interference,
          nicolae_elevator_lobby_asterisk
Orc:1:    layout_caves
Orc:2:    st_orc_congregation, layout_diamond_mine

Skill      XL: |  1  2  3  4  5  6  7  8  9 10 11 12 13 14 15 16 17 |
---------------+----------------------------------------------------+-----
Axes           | 3 4 5 6 8 9 12 14 16 18 20 21 23 24 26 27 | 27.0
Fighting       | 4 5 6 7 8 9 11 12 13 14 15 17 18 19 | 19.2
Shields        | 4 7 8 10 11 12 13 | 13.0
Maces & Flails | 1 5 7 |  7.9
Armour         | 6 9 10 | 10.9

Action                     |  1- 3 |  4- 6 |  7- 9 | 10-12 | 13-15 | 16-18 || total
---------------------------+-------+-------+-------+-------+-------+-------++-------
  Melee: War axe           |    93 |   158 |   246 |   553 |    20 |       ||  1070
         Morningstar       |       |       |       |    23 |   686 |       ||   709
         Broad axe         |       |       |       |       |   284 |   575 ||   859
 Invoke: Potion Petition   |       |       |       |     3 |     4 |     1 ||     8
         Call Merchant     |       |       |       |     1 |     1 |       ||     2
  Evoke: Wand              |       |       |       |     6 |       |    18 ||    24
         Box of beasts     |       |       |       |       |       |     2 ||     2
         Phantom mirror    |       |       |       |       |       |     2 ||     2
         Condenser vane    |       |       |       |       |       |     2 ||     2
    Use: Scroll            |     4 |     2 |     8 |     6 |     4 |     2 ||    26
         Potion            |     1 |     1 |     3 |     4 |     3 |     6 ||    18
   Stab: Distracted        |       |       |       |     2 |     8 |     8 ||    18
         Sleeping          |       |       |       |       |       |     4 ||     4
         Confused          |       |       |       |       |       |     2 ||     2
 Armour: Scale mail        |    42 |    50 |    77 |    34 |       |       ||   203
         Chain mail        |       |       |       |    61 |   320 |    98 ||   479
         Acid dragon scale |       |       |       |       |       |    60 ||    60
  Dodge: Dodged            |    37 |    39 |    54 |   155 |   329 |   114 ||   728
  Block: Buckler           |    25 |    60 |    94 |       |       |       ||   179
         Reflection        |     2 |     2 |       |    13 |    50 |    42 ||   109
         Kite shield       |       |       |    30 |   488 |  1048 |   479 ||  2045

Table legend: (Time is in decaauts)
 A = Elapsed time spent in this place.
 B = Non-inter-level travel time spent in this place.
 C = Inter-level travel time spent in this place.
 D = Time resting spent in this place.
 E = Time spent auto-exploring this place.
 F = Levels seen in this place.
 G = Mean time per level.
                   A        B        C        D        E       F      G
               +--------+--------+--------+--------+--------+-----+--------+
         Total |  32315 |  30222 |   2093 |   2538 |  21973 |  30 | 1077.2 |
       Dungeon |  15368 |  14050 |   1318 |    942 |  10547 |  15 | 1024.5 |
        Temple |     22 |     22 |      0 |      0 |      0 |   1 |   22.0 |
          Lair |   7172 |   6755 |    417 |    614 |   4817 |   5 | 1434.4 |
         Swamp |   2120 |   2073 |     47 |    400 |   1305 |   2 | 1060.0 |
     Snake Pit |   5182 |   4910 |    272 |    411 |   3693 |   3 | 1727.3 |
  Orcish Mines |   1381 |   1344 |     37 |      0 |   1146 |   2 |  690.5 |
       Ossuary |    235 |    235 |      0 |      4 |     97 |   1 |  235.0 |
      Gauntlet |    831 |    831 |      0 |    167 |    366 |   1 |  831.0 |
               +--------+--------+--------+--------+--------+-----+--------+

Top non-repeatable levels by time:
 Snake:1: 2289 daAuts
 Swamp:1: 2113 daAuts
     D:8: 1834 daAuts
 Snake:3: 1805 daAuts
  Lair:2: 1765 daAuts
  Lair:5: 1507 daAuts
  Lair:4: 1360 daAuts
  Lair:3: 1327 daAuts
    D:11: 1306 daAuts
    D:10: 1213 daAuts
  Lair:1: 1211 daAuts
    D:12: 1194 daAuts
     D:6: 1095 daAuts
    D:15: 1089 daAuts
 Snake:2: 1087 daAuts
